 Dungeon Crawl Stone Soup version 0.31.0-11-ge490571c62 (webtiles) character file.

Game seed: 2733390631783193927

1428 qw the Skirmisher (level 8, -3/49 HPs)
             Began as a Deep Elf Hunter on Feb 4, 2024.
             Was a Follower of Okawaru.
             Succumbed to a hornet's poison
             ... while paralysed by a hornet
             ... on level 6 of the Dungeon.
             The game lasted 00:00:26 (4173 turns).

qw the Skirmisher (Deep Elf Hunter)                 Turns: 4173, Time: 00:00:26

Health: -3/49      AC: 11    Str: 10    XL:     8   Next: 44%
Magic:  8/10       EV:  2    Int: 15    God:    Okawaru [*.....]
Gold:   307        SH:  0    Dex: 18    Spells: 7/7 levels left

rFire   . . .        a - +2 shortbow
rCold   . . .        (shield currently unavailable)
rNeg    . . .        g - +1 ring mail
rPois   .            f - +2 helmet
rElec   .            d - +0 cloak
rCorr   .            (no gloves)
SInv    .            (no boots)
Will    .....        (no amulet)
Stlth   +++          e - +4 ring of slaying {mikee}
HPRegen 0.28/turn    (no ring)
MPRegen 0.12/turn

%: no passive effects
@: paralysed, lethally poisoned (-3 -> -18), heroic, hasted
A: no striking features
a: Renounce Religion, Heroism


You were on level 6 of the Dungeon.
You worshipped Okawaru.
Okawaru was aware of your devotion.
You visited 1 branch of the dungeon, and saw 6 of its levels.

You collected 307 gold pieces.


   Skills:
 - Level 5.0(10.0) Fighting
 - Level 12.0(17.0) Ranged Weapons
 - Level 1.1(6.1) Armour
 + Level 3.0(8.0) Dodging
 - Level 1.2(6.2) Stealth
 + Level 0.0 Invocations


You had 7 spell levels left.
You didn't know any spells.
Your spell library was empty.

Inventory:

Hand Weapons
 a - a +2 shortbow (weapon)
Armour
 d - a +0 cloak (worn)
 f - a +2 helmet (worn)
 g - a +1 ring mail (worn)
Jewellery
 e - a +4 ring of slaying (left hand) {mikee}
Wands
 k - a wand of iceblast (7)
Potions
 b - a potion of resistance
 c - a potion of enlightenment {unknown}
 m - a potion of lignification {unknown}
 n - a potion of might {unknown}
 o - a potion of cancellation {unknown}
 p - 2 potions of curing

Dungeon Overview and Level Annotations

Branches:
Dungeon (6/15)
 Temple: D:4-7

Altars:
Ashenzari
Kikubaaqudgha
Okawaru
Uskayaw
Yredelemnul

Shops:
D:1 =


Message History

Pikel is severely wounded.
You shoot an arrow. The arrow hits Pikel!
Pikel is almost dead.
Pikel closely misses you.
You shoot an arrow. The arrow hits Pikel!
You kill Pikel!
Okawaru is honoured by your kill.
You can now gain great but temporary skills.
Your Fighting skill gained 3 levels and is now at level 5!
You have reached level 8!
You feel clever.
You shoot an arrow. The arrow closely misses the hornet.
You shoot an arrow. The arrow hits the hornet!
The hornet is heavily wounded.
The hornet barely misses you.
You shoot an arrow. The arrow completely misses the hornet.
The hornet stings you.
You feel yourself slow down.
4166 ||| INVOKING Heroism.
You gain the combat prowess of a mighty hero.
You feel yourself speed up. The hornet stings you.
You feel yourself slow down. The hornet misses you.
You shoot an arrow. The arrow misses the hornet.
You feel yourself speed up.
The hornet stings you but does no damage.
You shoot an arrow. The arrow closely misses the hornet.
The hornet barely misses you.
You shoot an arrow. The arrow barely misses the hornet.
The hornet barely misses you.
You shoot an arrow. The arrow hits the hornet!
The hornet is severely wounded.
You shoot an arrow. The arrow closely misses the hornet.
The hornet stings you!
You are poisoned.
You feel yourself slow down.
You shoot an arrow. The arrow hits the hornet!
The hornet is almost dead.
You feel yourself speed up.
You feel sick. The hornet stings you.
You are more poisoned.
You suddenly lose the ability to move!
You die...

###################.###
.......................
####.#.#######@###.##
#..#.#.#.5 #y#
#....<#.###5#.#
#.#...#5....#.#
####.#.#.#.....#.#
..................
####.#.#.#...#.#.#
.....#.......# #.#
########.##..#


You could see a hornet.

Vanquished Creatures
  Pikel (D:6)
  An ice beast (D:5)
  3 lemures (D:6)
  A bullfrog (D:4)
  2 scorpions (D:4)
  A bombardier beetle (D:5)
  2 howler monkeys (D:4)
  2 jellies (D:5)
  A hound (D:4)
  2 sleepcaps
  3 orc wizards (D:5)
  2 scorpion zombies (D:3)
  3 iguanas
  10 adders
  4 gnolls
  A shadow imp (D:5)
  2 ufetubi (D:5)
  An adder zombie (D:3)
  2 dart slugs
  5 orcs
  4 ball pythons
  9 endoplasms
  6 giant cockroaches
  8 goblins
  9 hobgoblins
  7 jackals
  5 quokkas
  7 bats
  2 frilled lizards (D:1)
  9 kobolds
  3 rats (D:1)
118 creatures vanquished.

Notes
Turn   | Place    | Note
-------+----------+-------------------------------------------
     0 | D:1      | qw the Deep Elf Hunter began the quest for the Orb.
     0 | D:1      | Reached XP level 1. HP: 12/12 MP: 3/3
     0 | D:1      | 0 ||| qw: Version: 0.3-a-160-g6735b56
     0 | D:1      | 0 ||| qw: Game counter: 5455
     0 | D:1      | 0 ||| qw: Melee chars always use a shield: true
     0 | D:1      | 0 ||| qw: God list: Okawaru
     0 | D:1      | 0 ||| qw: Allow faded altars: false
     0 | D:1      | 0 ||| qw: Do Orc after clearing Dungeon:15 true
     0 | D:1      | 0 ||| qw: Do second Lair branch before Depths: true
     0 | D:1      | 0 ||| qw: Lair rune preference: random
     0 | D:1      | 0 ||| qw: Goals: Normal
     0 | D:1      | 0 ||| PLANNING D:1-11
    30 | D:1      | Reached XP level 2. HP: 16/16 MP: 4/4
    36 | D:1      | Reached skill level 6 in Ranged Weapons
   165 | D:1      | Found a faded altar of an unknown god.
   224 | D:1      | Found Iclaux's Jewellery Boutique.
   235 | D:1      | 235 ||| SHOPLISTING +6 ring of strength (360 gold, have
                  | 41).
   235 | D:1      | 235 ||| SHOPLISTING amulet of guardian spirit (300 gold,
                  | have 41).
   235 | D:1      | 235 ||| SHOPLISTING amulet of regeneration (300 gold, have
                  | 41).
   235 | D:1      | 235 ||| SHOPLISTING amulet of the acrobat (300 gold, have
                  | 41).
   235 | D:1      | 235 ||| SHOPLISTING ring of ice (250 gold, have 41).
   235 | D:1      | 235 ||| SHOPLISTING ring of protection from cold (250 gold,
                  | have 41).
   235 | D:1      | 235 ||| SHOPLISTING ring of resist corrosion (200 gold,
                  | have 41).
   390 | D:1      | 390 ||| UPGRADING to +0 ring mail.
   400 | D:1      | 400 ||| DROPPING +0 leather armour.
   401 | D:1      | 401 ||| READING scroll labelled DESEIFONOY.
   402 | D:1      | 402 ||| READING 2 scrolls labelled EXOIMPUHIC.
   402 | D:1      | 402 ||| IDENTIFYING bubbling purple potion
   403 | D:1      | 403 ||| READING scroll of identify.
   403 | D:1      | 403 ||| IDENTIFYING silvery potion
   404 | D:1      | 404 ||| READING scroll labelled JEWKEAHUJU.
   404 | D:1      | 404 ||| ENCHANTING +0 ring mail.
   405 | D:1      | 405 ||| DROPPING scroll of butterflies.
   406 | D:1      | 406 ||| DROPPING potion of attraction.
   407 | D:1      | 407 ||| DROPPING potion of brilliance.
   506 | D:2      | Reached XP level 3. HP: 19/20 MP: 5/5
   530 | D:2      | Reached skill level 7 in Ranged Weapons
   536 | D:2      | Identified the +4 hand axe "Worm's Wrath" {freeze, rN+
                  | Str+6 Stlth-}
   771 | D:2      | Reached XP level 4. HP: 25/25 MP: 6/6
  1148 | D:2      | Reached skill level 8 in Ranged Weapons
  1302 | D:2      | 1302 ||| UPGRADING to +0 cloak.
  1307 | D:2      | 1307 ||| UPGRADING to +2 helmet.
  1312 | D:2      | 1312 ||| READING 2 scrolls of identify.
  1312 | D:2      | 1312 ||| IDENTIFYING orange potion
  1313 | D:2      | 1313 ||| READING scroll of identify.
  1313 | D:2      | 1313 ||| IDENTIFYING cyan potion
  1314 | D:2      | 1314 ||| READING scroll labelled TEATOZ QOENNETY.
  1315 | D:2      | 1315 ||| READING scroll labelled VUX ZAIHUB.
  1416 | D:2      | 1416 ||| READING scroll labelled NIERERRUAN.
  1479 | D:3      | Reached XP level 5. HP: 27/29 MP: 7/7
  1536 | D:3      | Found a basalt altar of Yredelemnul.
  1747 | D:3      | Found a hide-covered altar of Uskayaw.
  1765 | D:3      | Reached skill level 9 in Ranged Weapons
  1886 | D:3      | Found an ancient bone altar of Kikubaaqudgha.
  2098 | D:3      | 2098 ||| READING 2 scrolls labelled ISIDIPT SOPHYNT.
  2098 | D:3      | 2098 ||| ENCHANTING +0 shortbow.
  2099 | D:3      | 2099 ||| READING scroll of enchant weapon.
  2099 | D:3      | 2099 ||| ENCHANTING +1 shortbow.
  2100 | D:3      | 2100 ||| READING scroll labelled VOTYCY FESOYWO.
  2101 | D:3      | 2101 ||| DRINKING 2 lumpy puce potions.
  2102 | D:3      | 2102 ||| DROPPING potion of magic.
  2283 | D:4      | Reached skill level 1 in Armour
  2396 | D:4      | Reached XP level 6. HP: 35/35 MP: 8/8
  2673 | D:4      | 2673 ||| DROPPING +0 robe of cold resistance.
  2674 | D:4      | 2674 ||| DRINKING 2 yellow potions.
  2710 | D:5      | Entered Level 5 of the Dungeon
  2711 | D:5      | 2711 ||| STAIRDANCE
  2718 | D:4      | Reached skill level 10 in Ranged Weapons
  2765 | D:5      | 2765 ||| STAIRDANCE
  2774 | D:4      | HP: 8/35 [gnoll/+0 club (4)]
  2775 | D:4      | 2775 ||| READING scroll of teleportation.
  2777 | D:4      | Reached skill level 3 in Dodging
  2941 | D:5      | 2941 ||| STAIRDANCE
  2996 | D:5      | 2996 ||| STAIRDANCE
  3017 | D:5      | 3017 ||| STAIRDANCE
  3024 | D:4      | Reached XP level 7. HP: 28/40 MP: 9/9
  3073 | D:5      | 3073 ||| STAIRDANCE
  3120 | D:5      | 3120 ||| STAIRDANCE
  3176 | D:5      | 3176 ||| STAIRDANCE
  3265 | D:5      | 3265 ||| FLEEEEING.
  3266 | D:5      | 3266 ||| FLEEEEING.
  3267 | D:5      | 3267 ||| FLEEEEING.
  3268 | D:5      | 3268 ||| FLEEEEING.
  3269 | D:5      | 3269 ||| FLEEEEING.
  3271 | D:5      | Reached skill level 11 in Ranged Weapons
  3290 | D:5      | 3290 ||| DRINKING potion of curing.
  3290 | D:5      | 3290 ||| (to cure confusion)
  3381 | D:5      | Found a broken altar of Ashenzari.
  3570 | D:5      | Found an iron altar of Okawaru.
  3571 | D:5      | 3571 ||| PLANNING OKAWARU WORSHIP
  3571 | D:5      | 3571 ||| UPGRADING to +4 ring of slaying {mikee}.
  3589 | D:5      | Became a worshipper of Warmaster Okawaru
  3590 | D:5      | 3590 ||| PLANNING D:1-11
  3640 | D:5      | 3640 ||| RETREEEEATING.
  3641 | D:5      | 3641 ||| RETREEEEATING.
  3643 | D:5      | Reached skill level 12 in Ranged Weapons
  4046 | D:5      | 4046 ||| READING 2 scrolls labelled HAISOH HEDWIN.
  4047 | D:5      | 4047 ||| READING scroll labelled DEUNUMUSTU.
  4048 | D:5      | 4048 ||| READING scroll labelled BUINWY AXZEU.
  4049 | D:5      | 4049 ||| DROPPING scroll of immolation.
  4121 | D:6      | 4121 ||| RETREEEEATING.
  4143 | D:6      | Noticed Pikel
  4144 | D:6      | 4144 ||| RETREEEEATING.
  4147 | D:6      | 4147 ||| DRINKING potion of haste.
  4155 | D:6      | Noticed a hornet
  4162 | D:6      | Killed Pikel
  4162 | D:6      | Reached * piety under Okawaru
  4163 | D:6      | Reached XP level 8. HP: 26/49 MP: 10/10
  4166 | D:6      | 4166 ||| INVOKING Heroism.
  4171 | D:6      | HP: 8/49 [hornet (12)]
  4172 | D:6      | HP: 1/49 [hornet (5)]
  4172 | D:6      | Paralysed by a hornet for 3 turns
  4173 | D:6      | Succumbed to a hornet's poison

Levels and vault maps discovered:
D:1:      eino_arrival_water_cross, layout_rooms, serial_shops, shop,
          chequers_ecumenical_altar_island
D:2:      minmay_razor_zed, layout_loops_cross
D:3:      layout_basic, mainiacjoe_overflow_six_doors_small,
          nicolae_yredelemnul_corpse_copse, mainiacjoe_overflow_boulevard
D:4:      layout_cave_pools, chequers_garden, minmay_unequal
D:5:      layout_loops_ring, kennysheep_mini_moat, okawaru_ov_weapons_minmay,
          dk_vineyard_1
D:6:      layout_basic, nicolae_gozag_seed_capital,
          minmay_temple_entry_gardened_gates, minivault_23, uniq_pikel

Skill      XL: |  1  2  3  4  5  6  7 |
---------------+----------------------+-----
Ranged Weapons | 6 7 8 9 10 12 | 12.0
Fighting       | 2 5 |  5.0
Armour         | 1 |  1.1
Dodging        | 3 |  3.0
Stealth        | |  1.2

Action                     |  1- 3 |  4- 6 |  7- 9 || total
---------------------------+-------+-------+-------++-------
   Fire: Shortbow          |   107 |   213 |   147 ||   467
 Invoke: Heroism           |       |       |     1 ||     1
    Use: Scroll            |     4 |     9 |     3 ||    16
         Potion            |       |     2 |     2 ||     4
 Armour: Leather armour    |     4 |       |       ||     4
         Ring mail         |     9 |    82 |    63 ||   154
  Dodge: Dodged            |    17 |    67 |    35 ||   119

Table legend:
 A = Non-vault XP
 B = Vault XP
 C = Vault XP percentage of total XP
 D = Non-vault monster count
 E = Vault monster count
 F = Vault count percentage of total count
                 A         B        C        D         E       F
            +---------+---------+-------+---------+---------+-------
      Total |    1259 |     781 |  38.3 |      92 |      23 |  20.0
            +---------+---------+-------+---------+---------+-------
        D:1 |      38 |       0 |   0.0 |      22 |       0 |   0.0
        D:2 |      83 |      53 |  39.0 |      15 |      17 |  53.1
        D:3 |      34 |      74 |  68.5 |      12 |       3 |  20.0
        D:4 |     548 |       3 |   0.5 |      22 |       2 |   8.3
        D:5 |     504 |       0 |   0.0 |      19 |       0 |   0.0
        D:6 |      52 |     651 |  92.6 |       2 |       1 |  33.3
            +---------+---------+-------+---------+---------+-------
